 Dungeon Crawl Stone Soup version 0.17-a0-1714-g35622ae (webtiles) character file.

69523 Gorice the Spry (level 14, 0/73 HPs)
             Began as a Felid Fire Elementalist on Aug 21, 2015.
             Was the Champion of Vehumet.
             Slain by an alligator (8 damage)
             ... on level 1 of the Swamp on Aug 23, 2015.
             The game lasted 05:27:21 (48418 turns).

Gorice the Spry (Felid Fire Elementalist)          Turns: 48418, Time: 05:27:21

Health: 0/73       AC:  3    Str:  1 (4)  XL:     14   Next: 90%
Magic:  1/41       EV: 28    Int: 19 (20) God:    Vehumet [******]
Gold:   1455       SH:  0    Dex: 14 (18) Spells: 12 memorised, 4 levels left
                                        Lives:  0   Deaths: 2

rFire  . . .     SeeInvis +     (weapon unavailable)
rCold  + . .     Clarity  .     (armour unavailable)
rNeg   + . .     SustAt   .     (shield unavailable)
rPois  .         Gourm    .     (helmet unavailable)
rElec  .         Spirit   .     (cloak unavailable)
rCorr  .         Warding  +     (gloves unavailable)
rMut   .         Stasis   .     (boots unavailable)
MR     +++..                    o - amulet of warding
Stlth  +++.......               U - ring of protection from magic
                                h - ring of magical power

@: lethally poisoned (0 -> -10), very slightly contaminated, quick, extremely
resistant to hostile enchantments, fairly stealthy
A: no armour, no weapons or thrown items, claws 1, fangs 3, see invisible,
carnivore 3, deterioration 1, speed 1, shaggy fur 3, slow metabolism 1, sharp
paws
a: Renounce Religion


You were on level 1 of the Swamp.
You worshipped Vehumet.
Vehumet was exalted by your worship.
You were full.

You visited 4 branches of the dungeon, and saw 28 of its levels.
You also visited: Ossuary.

You collected 3294 gold pieces.
You spent 1839 gold pieces at shops.

Inventory:

Jewellery
 a - an uncursed amulet of resist corrosion
 f - an uncursed ring of ice
 h - a ring of magical power (left paw)
 j - a +2 ring of evasion
 o - an amulet of warding (around neck)
 v - an uncursed ring of stealth
 D - an uncursed ring of protection from fire
 R - an uncursed ring of teleportation
 U - a ring of protection from magic (right paw)
 V - a +4 ring of intelligence
 Y - an uncursed ring of positive energy
Magical devices
 m - a wand of invisibility (2)
 q - a wand of fire (6)
 s - a wand of cold (4)
 y - a wand of cold (0)
 B - a wand of cold (5)
 M - a wand of confusion (28)
 P - a wand of digging (5)
 W - a wand of draining (12)
Scrolls
 e - 2 scrolls of magic mapping {!r}
 n - 9 scrolls of teleportation {!r}
 p - 12 scrolls of remove curse
 t - a scroll of fear {!r}
 w - a scroll of amnesia
 F - 5 scrolls of identify
 N - 5 scrolls of blinking
Potions
 c - 6 potions of brilliance {!q}
 d - 5 potions of resistance {!q}
 i - 5 potions of heal wounds {!q}
 k - 6 potions of flight
 l - a potion of curing
 r - 7 potions of lignification {!q}
 u - 7 potions of agility {!q}
 x - 7 potions of haste {!q}
 z - a potion of invisibility {!q}
 A - 7 potions of might {!q}
 C - 2 potions of magic {!q}
 G - 4 potions of cancellation {!q}
Comestibles
 b - 13 meat rations {!e}
 g - 11 slices of pizza


   Skills:
 - Level 15.0 Fighting
 - Level 15.5 Dodging
 - Level 2.6 Stealth
 + Level 13.0 Spellcasting
 - Level 9.2 Conjurations
 - Level 8.1 Charms
 - Level 5.5 Translocations
 * Level 6.1 Transmutations
 - Level 9.1 Fire Magic
 * Level 4.7 Earth Magic


You had 4 spell levels left.
You knew the following spells:

 Your Spells              Type           Power        Failure   Level  Hunger
a - Flame Tongue          Conj/Fire      #####        1%          1    None
b - Throw Flame           Conj/Fire      #####.       1%          2    None
c - Conjure Flame         Conj/Fire      #####...     1%          3    None
d - Sticky Flame          Conj/Fire      #####...     1%          4    #......
e - Stone Arrow           Conj/Erth      #####.       1%          3    None
f - Fireball              Conj/Fire      #####.....   1%          5    ####...
g - Sublimation of Blood  Necr           ##........   10%         2    None
h - Stoneskin             Trmt/Erth      ####....     1%          2    None
i - Bolt of Fire          Conj/Fire      #####.....   7%          6    ######.
J - Blink                 Tloc           N/A          1%          2    None
M - Repel Missiles        Chrm/Air       ####..       1%          2    None
R - Regeneration          Chrm/Necr      ####......   3%          3    None


Dungeon Overview and Level Annotations

Branches:
Dungeon (15/15)            Temple (0/1) D:5            Lair (8/8) D:8
  Swamp (1/4) Lair:4       Spider (0/4) Lair:5          Orc (4/4) D:11
    Elf (0/3) Orc:3        Vaults (0/5) D:14         Depths (0/5) D:15
  Slime: Lair:6-8

Altars:
Ashenzari
Dithmenos
Elyvilon
Fedhas
Gozag
Makhleb
Nemelex Xobeh
Okawaru
Qazlal
Ru
Sif Muna
Trog
Vehumet

Shops:
D:13 :   D:14 (   Orc:3 ?   Orc:4 :*[(?

Annotations:
D:3 Grinder
D:15 Louise
Lair:1 exclusion: oklob plant
Lair:3 Ajdolov's ghost, powerful OgBe
Lair:6 exclusion: 2 oklob plants
Lair:8 vpUX: fire dragon ending
Swamp:1 Aizul


Innate Abilities, Weirdness & Mutations

You cannot wear armour.
You are incapable of wielding weapons or throwing items.
You have sharp claws.
You have razor-sharp teeth.
You have supernaturally acute eyesight.
You are carnivorous and can eat meat at any time.
You cover ground quickly.
Your thick and shaggy fur keeps you warm (AC +3, rC+).
You have a slow metabolism.
Your sharp claws are effective at attacking unaware monsters.
Your body sometimes deteriorates upon taking damage.


Message History

You feel sick.
Aizul burns!
Damage: 1 (max 34) Evoke which item? (* to show all) (? for menu, Esc to quit)
Zapping:
y - a wand of cold (will waste charges)
Press: ? - help, Shift-Dir - straight line, f/p - Aizul
Aim: Aizul (severely wounded, covered in liquid flames)
The bolt of cold misses Aizul.
Evoking this partially-identified wand wasted a few charges.
Aizul burns!
Aizul stops burning.
Aizul completely misses you.
Unknown command.
Drink which item? (? for menu, Esc to quit)
You feel better. Aizul barely misses you. Aizul misses you.
Casting: Blink
Confirm with . or Enter, or press ? or * to list all spells.
Aiming: Sticky Flame
Press: ? - help, Shift-Dir - straight line, f/p - Aizul
Aim: Aizul (severely wounded)
The sticky flame hits Aizul.
Aizul appears unharmed.
Aizul is severely wounded.
Aizul is covered in liquid flames!
Aizul burns!
Aizul misses you.
Unknown command.
Casting: Sticky Flame
Confirm with . or Enter, or press ? or * to list all spells.
You blink.
Aizul burns!
Casting: Blink
Confirm with . or Enter, or press ? or * to list all spells.
Aiming: Fireball
Press: ? - help, Shift-Dir - straight line, p - Aizul You miscast Fireball.
You are very lightly contaminated with residual magic.
Sparks fly from your paws!
Aizul burns!
Aizul stops burning.
Aizul coils himself and waves his upper body at you.
The bolt of poison hits you!
You are poisoned.
* * * LOW HITPOINT WARNING * * *
Damage: 16 (max 34) Drink which item? (? for menu, Esc to quit)
Really quaff
i - 6 potions of heal wounds {!q}?
You feel much better.
You feel sick. The alligator bites you!!
* * * LOW HITPOINT WARNING * * *
Your body deteriorates!
You feel weakened. The alligator completely misses you.
Read which item? (? for menu, Esc to quit)
Really read
t - 2 scrolls of fear {!r}?
As you read the scroll of fear {!r}, it crumbles to dust.
You assume a fearsome visage.
Aizul looks frightened!
The alligator resists with some effort.
* * * LOW HITPOINT WARNING * * *
You feel sick. The alligator bites you!
You die...

♣≈...≈≈.♣ ♣
♣♣≈≈≈≈≈≈.♣ ♣♣♣♣
♣.≈♣≈≈...♣ ♣.≈♣
♣♣....≈≈≈♣ ♣ ♣♣≈♣♣
♣..♣≈..≈.♣ ♣ ♣♣.♣♣
♣♣.≈≈≈♣...♣ ♣ ♣.≈≈♣♣
♣♣..≈.....♣♣ ♣
♣♣.≈.♣♣♣♣
♣≈..≈≈.≈≈≈♣ ♣
♣....§.♣♣♣≈@.≈♣.≈≈.≈
♣♣
♣♣.♣†♣..♣≈t≈.≈≈.≈...
♣.
♣.≈....S≈...♣≈.≈...
♣♣♣.
♣...≈≈≈≈≈≈≈........
y..≈
♣..♣.≈.≈≈≈≈[♣.≈≈≈..
≈...
♣.♣♣♣≈≈≈≈≈....≈≈♣≈
y.≈≈ ♣≈♣
♣≈.≈≈≈≈...≈≈♣ ≈.≈≈
♣≈♣ ♣♣.≈..≈≈♣)...
..≈≈ ♣...≈≈...≈≈
♣.≈≈


You could see Aizul (fleeing) and an alligator.

Vanquished Creatures
  Rupert (Orc:2)
  Gastronok (Lair:3)
  Agnes (D:14)
  Kirke (D:15)
  An emperor scorpion (D:15)
  An orc warlord (Orc:4)
  Nessos (D:13)
  A stone giant (Orc:4)
  A dire elephant (D:15)
  A vault guard (D:14)
  2 ettins (Orc:4)
  Josephine (D:15)
  Fannar (D:11)
  5 alligators
  12 hydras
  Erolcha (D:13)
  3 tengu warriors (D:15)
  3 orc high priests (Orc:4)
  A fire crab (shapeshifter) (D:15)
  Sonja (Lair:4)
  A skeletal warrior (D:14)
  4 unseen horrors
  2 deep elf knights (D:12)
  A deep elf summoner (D:12)
  A giant orange brain (D:14)
  The ghost of 4thArraOfDagon the Ruffian, an experienced TrCK of the Shining One (D:10)
  4 hill giants
  A swamp dragon (Swamp:1)
  6 ugly things
  A wizard (D:15)
  A necromancer (Lair:3)
  2 griffons
  6 orc knights
  4 orc sorcerers (Orc:4)
  3 manticores
  2 cyclopes
  3 centaur zombies
  A salamander (D:15)
  A guardian serpent (shapeshifter) (D:13)
  Maurice (D:13)
  5 black mambas
  5 centaur skeletons
  19 spiny frogs
  2 kobold demonologists
  A redback zombie (D:15)
  An efreet (D:14)
  6 trolls
  5 fire drakes
  11 komodo dragons
  A tengu conjurer (D:15)
  9 slime creatures
  3 giant leeches
  A polar bear (Lair:5)
  28 blink frogs
  3 shadows
  A hog (D:7)
  5 wraiths
  A human (D:7)
  4 wyverns
  12 vampire mosquitoes
  54 yaks
  A vampire (D:15)
  3 deep elf magi (D:12)
  15 hippogriffs
  4 hungry ghosts
  4 basilisks
  A hippogriff (shapeshifter) (D:14)
  3 mottled dragons
  A deep elf fighter (D:12)
  A golden eye (shapeshifter) (D:15)
  A steam dragon (Lair:8)
  5 wargs
  5 insubstantial wisps (Swamp:1)
  2 swamp worms (Swamp:1)
  A soldier ant (D:12)
  19 wolves
  6 spiders (Lair:5)
  18 water moccasins
  16 porcupines
  43 orc warriors
  A black bear (D:6)
  2 phantoms
  3 swamp drakes
  2 sky beasts (D:11)
  18 ogres
  A wasp (D:14)
  13 ice beasts
  27 crocodiles
  10 centaurs
  22 giant frogs
  5 big kobolds
  4 scorpions
  9 electric eels
  9 jellies
  5 killer bees
  23 wights
  4 crimson imps
  2 giant frog zombies
  6 hounds
  3 quasits
  4 giant frog skeletons
  26 orc priests
  40 orc wizards
  A gnoll shaman (D:4)
  Terence (D:3)
  2 yak simulacra (Lair:3)
  10 iguanas
  3 polar bear simulacra (Lair:3)
  10 worker ants
  2 giant frog simulacra (D:13)
  9 sheep
  A big kobold zombie (Ossuary)
  3 wolf simulacra (Lair:3)
  A hound zombie (D:8)
  4 hound skeletons
  8 mummies (Ossuary)
  Robin (D:2)
  9 adders
  4 gnolls (D:4)
  6 worker ant zombies
  37 river rats
  6 shadow imps
  4 white imps (D:13)
  2 ufetubi (D:13)
  An adder zombie (D:9)
  2 worms (D:2)
  205 orcs
  5 bats
  3 giant cockroaches
  7 hobgoblins
  9 jackals
  41 kobolds
  3 giant geckos
  A giant gecko skeleton (D:5)
  3 giant newts
  16 goblins
  A jackal skeleton (D:8)
  2 jackal zombies (D:5)
  4 kobold zombies (Ossuary)
  3 orc zombies (Ossuary)
  4 quokkas
  7 rats
  A rat zombie (D:5)
  3 river rat simulacra (Lair:3)
  A bush (D:8)
  2 plants (Lair:1)
1099 creatures vanquished.

Vanquished Creatures (others)
  A yak (D:13)
  6 humans (D:15)
  A quokka (D:5)
  A bush (Lair:1)
  40 fungi
  29 plants
78 creatures vanquished.

Grand Total: 1177 creatures vanquished

Notes
Turn   | Place    | Note
--------------------------------------------------------------
     0 | D:1      | Gorice the Felid Fire Elementalist began the quest for the Orb.
     0 | D:1      | Reached XP level 1. HP: 7/7 MP: 4/4
    62 | D:1      | Reached skill level 1 in Conjurations
   509 | D:1      | Reached XP level 2. HP: 11/11 MP: 4/6
   958 | D:1      | HP: 2/11 [gnoll/spear (9)]
  1330 | D:1      | Learned a level 2 spell: Throw Flame
  1528 | D:2      | Found a shadowy altar of Dithmenos.
  1634 | D:2      | Reached skill level 3 in Fire Magic
  1634 | D:2      | Reached XP level 3. HP: 6/14 MP: 7/7
  1640 | D:2      | HP: 4/14 [poisoned by an adder]
  1645 | D:2      | HP: 3/14 [poisoned by an adder]
  2072 | D:2      | Reached skill level 2 in Conjurations
  2564 | D:2      | Noticed Robin
  2591 | D:2      | Killed Robin
  2627 | D:2      | Reached XP level 4. HP: 11/18 MP: 9/9
  3008 | D:3      | Noticed Grinder
  3093 | D:2      | Learned a level 3 spell: Conjure Flame
  3302 | D:3      | Found a stormy altar of Qazlal.
  3489 | D:3      | Noticed Terence
  3503 | D:3      | Killed Terence
  3503 | D:3      | Reached skill level 3 in Spellcasting
  3661 | D:2      | Found a radiant altar of Vehumet.
  3666 | D:2      | Became a worshipper of Vehumet
  3816 | D:4      | Found a bloodstained altar of Trog.
  3956 | D:4      | Noticed an ogre
  3970 | D:4      | Killed an ogre
  3970 | D:4      | Reached skill level 3 in Conjurations
  3970 | D:4      | Reached XP level 5. HP: 21/21 MP: 5/10
  4138 | D:4      | Noticed an ogre
  4177 | D:4      | Killed an ogre
  4177 | D:4      | Gained mutation: You are covered in thick fur (AC +2). [Felid growth]
  4177 | D:4      | Reached XP level 6. HP: 24/24 MP: 6/12
  4389 | D:4      | Reached skill level 4 in Conjurations
  4452 | D:4      | Noticed an ogre
  4505 | D:4      | Killed an ogre
  4505 | D:4      | Reached skill level 4 in Fire Magic
  4835 | D:4      | Reached skill level 4 in Spellcasting
  4925 | D:4      | Reached XP level 7. HP: 27/27 MP: 7/14
  5099 | D:5      | Entered Level 5 of the Dungeon
  5108 | D:5      | Found a shattered altar of Ashenzari.
  5123 | D:5      | Found a staircase to the Ecumenical Temple.
  5163 | D:5      | Found a white marble altar of Elyvilon.
  5209 | D:5      | Found a sand-covered staircase.
  5244 | Ossuary  | Entered an ossuary
  5288 | Ossuary  | Acquired Vehumet's first power
  5288 | Ossuary  | Offered knowledge of Shock by Vehumet.
  5457 | Ossuary  | Reached skill level 5 in Conjurations
  6357 | D:5      | Reached skill level 5 in Fire Magic
  6363 | D:5      | Learned a level 4 spell: Sticky Flame
  6836 | D:5      | Reached XP level 8. HP: 21/31 MP: 14/16
  7027 | D:5      | Offered knowledge of Sandblast by Vehumet.
  7412 | D:6      | Reached skill level 5 in Spellcasting
  8127 | D:6      | HP: 8/31 [crimson imp (4)]
  8208 | D:5      | HP: 9/31 [crimson imp (1)]
  8214 | D:5      | HP: 6/31 [crimson imp (2)]
  8220 | D:5      | HP: 9/31 [crimson imp (1)]
  8467 | D:6      | Reached skill level 6 in Conjurations
  8467 | D:6      | Reached skill level 6 in Fire Magic
  9437 | D:7      | Reached skill level 6 in Spellcasting
  9773 | D:7      | Offered knowledge of Stone Arrow by Vehumet.
  9778 | D:7      | Learned a level 3 spell: Stone Arrow
  9788 | D:7      | Reached XP level 9. HP: 25/34 MP: 16/19
 10049 | D:7      | Reached skill level 7 in Conjurations
 10087 | D:7      | Reached skill level 7 in Fire Magic
 10550 | D:8      | Reached skill level 7 in Spellcasting
 10716 | D:8      | Found a burning altar of Makhleb.
 10731 | D:8      | Found a staircase to the Lair.
 10753 | D:8      | Acquired Vehumet's second power
 10758 | D:8      | Found a sacrificial altar of Ru.
 10784 | D:8      | HP: 9/34 [killer bee (9)]
 10786 | D:8      | HP: 2/34 [killer bee (6)]
 11016 | D:8      | Found an opulent altar of Gozag.
 11498 | D:8      | Offered knowledge of Olgreb's Toxic Radiance by Vehumet.
 11498 | D:8      | Reached skill level 8 in Conjurations
 11498 | D:8      | Reached skill level 8 in Fire Magic
 11505 | D:8      | Learned a level 5 spell: Fireball
 11819 | Lair:1   | Entered Level 1 of the Lair of Beasts
 11825 | Lair:1   | Reached XP level 10. HP: 37/37 MP: 22/22
 11864 | Lair:1   | Noticed a komodo dragon
 11884 | Lair:1   | Killed a komodo dragon
 12300 | Lair:1   | Reached skill level 8 in Spellcasting
 12312 | Lair:1   | Noticed an eight-headed hydra
 12381 | Lair:1   | Noticed a six-headed hydra
 12391 | Lair:1   | Noticed a black mamba
 12392 | Lair:1   | Killed a six-headed hydra
 12424 | Lair:1   | Killed a black mamba
 12536 | Lair:1   | Noticed a spiny frog
 12539 | Lair:1   | Killed a spiny frog
 12655 | Lair:1   | Killed an eight-headed hydra
 12655 | Lair:1   | Reached skill level 9 in Conjurations
 12655 | Lair:1   | Reached skill level 9 in Fire Magic
 12772 | Lair:1   | Reached skill level 1 in Fighting
 12877 | Lair:1   | Reached skill level 2 in Fighting
 13170 | Lair:1   | Reached skill level 3 in Fighting
 13170 | Lair:1   | Reached skill level 9 in Spellcasting
 13173 | Lair:1   | Reached XP level 11. HP: 42/45 MP: 15/25
 13391 | Lair:1   | Found a blossoming altar of Fedhas.
 13405 | Lair:1   | Noticed an oklob plant
 13644 | Lair:1   | Reached skill level 4 in Fighting
 13982 | Lair:1   | Acquired Vehumet's third power
 14221 | Lair:2   | Offered knowledge of Force Lance by Vehumet.
 14221 | Lair:2   | Reached skill level 5 in Fighting
 14221 | Lair:2   | Reached skill level 3 in Dodging
 14313 | Lair:2   | Found a frozen archway.
 14348 | Lair:1   | Reached skill level 4 in Dodging
 14584 | Lair:1   | HP: 11/48 [ice beast (4)]
 14819 | Lair:1   | Reached skill level 5 in Dodging
 14823 | Lair:1   | HP: 8/48 [river rat (8)]
 15224 | Lair:2   | Reached skill level 6 in Fighting
 15362 | Lair:2   | Reached skill level 6 in Dodging
 16007 | Lair:2   | Learned a level 2 spell: Sublimation of Blood
 16130 | Lair:2   | Reached skill level 7 in Dodging
 16288 | Lair:2   | Reached skill level 7 in Fighting
 16295 | Lair:2   | Offered knowledge of Freezing Cloud by Vehumet.
 16645 | Lair:2   | Reached skill level 8 in Dodging
 16908 | Lair:3   | Noticed a five-headed hydra
 16924 | Lair:3   | Killed a five-headed hydra
 16924 | Lair:3   | Gained mutation: Your thick and shaggy fur keeps you warm (AC +3, rC+). [Felid growth]
 16924 | Lair:3   | Reached XP level 12. HP: 45/55 MP: 14/26
 17136 | Lair:3   | Noticed Gastronok
 17328 | Lair:3   | Noticed Ajdolov's ghost (powerful OgBe)
 17352 | Lair:3   | HP: 6/55 [Ajdolov's ghost (49)]
 17683 | Lair:3   | Reached skill level 8 in Fighting
 17683 | Lair:3   | Reached skill level 9 in Dodging
 17859 | Lair:2   | Reached skill level 10 in Spellcasting
 17899 | Lair:3   | Killed Gastronok
 18109 | Lair:3   | Gorice: hello Yermak
 18116 | Lair:3   | Noticed a necromancer
 18117 | Lair:3   | Yermak: Hello, Gorice
 18145 | Lair:3   | Killed a necromancer
 18145 | Lair:3   | Reached skill level 10 in Dodging
 18265 | Lair:3   | Gorice: Things must be dull if you're watching me!
 18384 | Lair:3   | Yermak: Felids are fun
 18395 | Lair:3   | Gorice: heh yes, very squishy,I can't get the hang of them
 18611 | Lair:4   | Reached skill level 9 in Fighting
 18993 | Lair:4   | Found a staircase to the Swamp.
 19243 | Lair:4   | Noticed Sonja
 19245 | Lair:4   | Killed Sonja
 19340 | Lair:4   | Reached skill level 11 in Dodging
 20093 | Lair:5   | Found a hole to the Spider Nest.
 20526 | Lair:5   | Noticed a seven-headed hydra
 20541 | Lair:5   | Killed a seven-headed hydra
 20751 | Lair:5   | Reached skill level 10 in Fighting
 20907 | Lair:5   | Reached XP level 13. HP: 61/61 MP: 18/28
 21084 | Lair:5   | Reached skill level 12 in Dodging
 21357 | Lair:5   | Noticed a seven-headed hydra
 21369 | Lair:5   | Killed a seven-headed hydra
 22314 | Lair:6   | Offered knowledge of Bolt of Cold by Vehumet.
 23175 | Lair:7   | Reached skill level 11 in Spellcasting
 23429 | Lair:7   | Reached skill level 13 in Dodging
 23711 | Lair:7   | Reached skill level 11 in Fighting
 23724 | Lair:7   | Gorice: OK sorry got to stop now - tea!
 23724 | Lair:7   | Upgraded the game from 0.17-a0-1701-gf693a3f to 0.17-a0-1711-gc5340a3
 24378 | Lair:8   | Entered Level 8 of the Lair of Beasts
 25097 | Lair:8   | Reached skill level 14 in Dodging
 26096 | Lair:8   | HP: 19/64 [burnt (3)]
 26098 | Lair:8   | HP: 7/64 [burnt (6)]
 27008 | Lair:1   | Reached XP level 14. HP: 68/68 MP: 28/30
 27049 | Lair:1   | Reached skill level 12 in Fighting
 28006 | D:9      | Found a sacrificial altar of Ru.
 28462 | D:10     | Entered Level 10 of the Dungeon
 28603 | D:10     | Found a sparkling altar of Nemelex Xobeh.
 28872 | D:10     | Noticed 4thArraOfDagon's ghost (experienced TrCK)
 28893 | D:10     | Killed 4thArraOfDagon's ghost
 29345 | D:10     | You fall through a shaft for 3 floors!
 29474 | D:13     | Offered knowledge of Lee's Rapid Deconstruction by Vehumet.
 29485 | D:13     | Noticed Maurice
 29780 | D:12     | Learned a level 2 spell: Stoneskin
 30229 | D:11     | Found a staircase to the Orcish Mines.
 30435 | D:11     | Reached skill level 15 in Dodging
 30536 | D:11     | Noticed Fannar
 30554 | D:11     | Killed Fannar
 31837 | D:12     | Reached skill level 12 in Spellcasting
 32138 | D:12     | Offered knowledge of Lightning Bolt by Vehumet.
 32448 | D:12     | Reached skill level 13 in Fighting
 33180 | D:13     | Killed Maurice
 33577 | D:13     | Noticed Nessos
 33581 | D:13     | HP: 21/70 [poisoned by Nessos]
 33586 | D:13     | HP: 15/70 [poisoned by Nessos]
 33681 | D:13     | Noticed Erolcha
 33696 | D:13     | Killed Nessos
 33701 | D:13     | Killed Erolcha
 34161 | D:13     | Found Omnewu's Book Shoppe.
 34164 | D:13     | Bought a book of Fire for 1235 gold pieces
 34164 | D:13     | Bought a book of Minor Magic for 380 gold pieces
 34167 | D:13     | Learned a level 2 spell: Repel Missiles
 34175 | D:13     | Learned a level 6 spell: Bolt of Fire
 34856 | D:13     | Learned a level 2 spell: Blink
 35174 | Orc:1    | Entered Level 1 of the Orcish Mines
 35797 | Orc:2    | Noticed Rupert
 35811 | Orc:2    | HP: 19/71 [Rupert/battleaxe of electrocution (21)]
 35811 | Orc:2    | Slain by Rupert
 35812 | Orc:2    | Reached XP level 13. HP: -1/67 MP: 15/39
 35818 | Orc:2    | Killed Rupert
 35884 | Orc:2    | Offered knowledge of Poison Arrow by Vehumet.
 35939 | Orc:2    | Reached XP level 14. HP: 71/71 MP: 16/31
 36532 | Orc:1    | Found an iron altar of Okawaru.
 37359 | Orc:3    | Found a deep blue altar of Sif Muna.
 37408 | Orc:3    | Found Ciephoam's Magic Scroll Shoppe.
 37442 | Orc:3    | Bought a scroll of blinking for 112 gold pieces
 37558 | Orc:3    | Found a staircase to the Elven Halls.
 37608 | Orc:4    | Entered Level 4 of the Orcish Mines
 37693 | Orc:4    | Reached skill level 14 in Fighting
 37820 | Orc:4    | Offered knowledge of Ozocubu's Refrigeration by Vehumet.
 37926 | Orc:4    | Reached skill level 13 in Spellcasting
 37994 | Orc:4    | Found Yptanei's Magic Scroll Emporium.
 38051 | Orc:4    | Reached skill level 1 in Charms
 38311 | Orc:4    | Bought a scroll of blinking for 112 gold pieces
 38602 | Orc:4    | Noticed an orc warlord
 38616 | Orc:4    | HP: 16/72 [orc warlord/great mace (17)]
 38629 | Orc:4    | Killed an orc warlord
 38629 | Orc:4    | Reached skill level 2 in Charms
 39005 | Orc:4    | Reached skill level 3 in Charms
 39547 | Orc:4    | Gained mutation: Your body sometimes deteriorates upon taking damage. [a neqoxec]
 39933 | Orc:4    | Slain by a stone giant
 39934 | Orc:4    | Reached XP level 13. HP: -2/68 MP: 24/40
 39997 | Orc:4    | Reached skill level 4 in Charms
 40339 | Orc:4    | Reached skill level 5 in Charms
 40563 | Orc:4    | Found Jonafrun's General Store.
 40564 | Orc:4    | Found Xeumpops's Book Boutique.
 40567 | Orc:4    | Found Hoegaose's Antique Armour Shop.
 40567 | Orc:4    | Found Luagiesh's Antique Weapon Shop.
 40658 | Orc:4    | Upgraded the game from 0.17-a0-1711-gc5340a3 to 0.17-a0-1714-g35622ae
 41004 | D:14     | Noticed Agnes
 41011 | D:14     | Found Odwiomy's Antique Weapon Emporium.
 41015 | D:14     | Killed Agnes
 41048 | D:14     | HP: 18/68 [efreet/fireball (19)]
 41103 | D:14     | Reached skill level 6 in Charms
 41378 | D:14     | Offered knowledge of Spellforged Servitor by Vehumet.
 41930 | D:14     | Reached skill level 15 in Fighting
 42180 | D:14     | Found a gate to the Vaults.
 42226 | D:15     | Entered Level 15 of the Dungeon
 42281 | D:14     | Reached skill level 7 in Charms
 42282 | D:14     | Reached skill level 1 in Translocations
 42282 | D:14     | Reached XP level 14. HP: 50/73 MP: 19/32
 42493 | D:15     | Noticed Kirke
 42500 | D:15     | Killed Kirke
 42500 | D:15     | Reached skill level 1 in Transmutations
 42500 | D:15     | Reached skill level 1 in Earth Magic
 42564 | D:15     | Reached skill level 2 in Translocations
 42628 | D:15     | Noticed Louise
 42644 | D:15     | Noticed Josephine
 42653 | D:15     | Killed Josephine
 42653 | D:15     | Reached skill level 2 in Transmutations
 42905 | D:15     | HP: 17/73 [tengu warrior/dire flail[a tengu conjurer] (10)]
 42908 | D:15     | Reached skill level 3 in Translocations
 43458 | D:15     | HP: 16/73 [fire crab (shapeshifter)] (21)]
 43461 | D:15     | Reached skill level 2 in Earth Magic
 43798 | D:15     | Reached skill level 3 in Transmutations
 43963 | D:15     | Reached skill level 4 in Translocations
 44312 | D:15     | Noticed an emperor scorpion
 44446 | D:15     | Noticed a dire elephant
 44855 | D:15     | Killed an emperor scorpion
 45125 | D:15     | Offered knowledge of Lehudib's Crystal Spear by Vehumet.
 45125 | D:15     | Offered knowledge of Fire Storm by Vehumet.
 45125 | D:15     | Offered knowledge of Chain Lightning by Vehumet.
 45183 | D:15     | Reached skill level 5 in Translocations
 45208 | D:15     | Reached skill level 8 in Charms
 45208 | D:15     | Reached skill level 3 in Earth Magic
 45235 | D:15     | Killed a dire elephant
 45425 | D:15     | Reached skill level 4 in Transmutations
 45729 | D:15     | Found a staircase to the Depths.
 45981 | Lair:1   | Learned a level 3 spell: Regeneration
 46101 | Swamp:1  | Entered Level 1 of the Swamp
 46144 | Lair:4   | HP: 20/73 [giant leech (21)]
 46808 | Swamp:1  | Reached skill level 5 in Transmutations
 46817 | Swamp:1  | Reached skill level 4 in Earth Magic
 46840 | Swamp:1  | HP: 8/73 [alligator (21)]
 46871 | Lair:4   | HP: 10/73 [alligator (22)]
 46871 | Lair:4   | HP: 1/73 [alligator (9)]
 47476 | Lair:4   | HP: 19/73 [seven-headed hydra (17)]
 48232 | Swamp:1  | Reached skill level 6 in Transmutations
 48238 | Swamp:1  | HP: 20/73 [poisoned by a swamp dragon (poison gas)]
 48243 | Swamp:1  | HP: 20/73 [poisoned by a swamp dragon (poison gas)]
 48248 | Swamp:1  | HP: 17/73 [poisoned by a swamp dragon (poison gas)]
 48254 | Swamp:1  | HP: 16/73 [poisoned by a swamp dragon (poison gas)]
 48260 | Swamp:1  | HP: 15/73 [poisoned by a swamp dragon (poison gas)]
 48268 | Swamp:1  | HP: 15/73 [poisoned by a swamp dragon (poison gas)]
 48401 | Swamp:1  | Noticed Aizul
 48404 | Swamp:1  | HP: 9/73 [Aizul/bolt of poison (34)]
 48409 | Swamp:1  | HP: 20/73 [Aizul (7)]
 48416 | Swamp:1  | HP: 9/73 [Aizul/bolt of poison (16)]
 48418 | Swamp:1  | Slain by an alligator

Vault maps used:
D:1:      dpeg_arrival_another_circle
D:2:      lemuel_upstairs_altar, first_bread, grunt_dithmenos_smoke_and_mirrors,
          uniq_robin
D:3:      nicolae_qazlal_eye_of_the_storm, uniq_grinder, uniq_terence
D:4:      lightli_temple_of_fire
D:5:      kennysheep_kobold_camp, elyvilon_altar_4,
          nicolae_overflow_hidden_temple, minmay_temple_entry_overgrown,
          enter_ossuary_3
D:7:      grunt_livestock
D:8:      kennysheep_little_box, grunt_gozag_breadcrumbs, lair_0_dummy,
          basic_altar, minmay_misc_feat_four_crosses, minivault_5,
          kb_lookout_dungeons_type, serial_bayou_pond_d, st_stairs_14
D:9:      nicolae_ru_path_of_blood
D:10:     nemelex_diamond_rough_becter
D:11:     hiddenorc1_lemuel, uniq_fannar
D:12:     minmay_pinched_square
D:13:     serial_ice, serial_ice_j, serial_ice_c, serial_ice_a, serial_ice_f,
          serial_ice_d, serial_shops, kennysheep_mini_moat, uniq_erolcha,
          uniq_maurice, uniq_nessos
D:14:     david_vaults_5, serial_shops, shop_fountains,
          hangedman_decor_peaks_small, hangedman_decor_riveting, uniq_agnes
D:15:     hangedman_depths_entry_try_elsewhere_first, roderic_serpentine_path,
          grunt_ministairs_3, lemuel_jelly_drop, uniq_josephine, uniq_louise,
          uniq_kirke
Lair:1:   minmay_hedge_maze, st_stairs_7, cheibrodos_lair_caveside_slide,
          wad_woods_road_06, tgw_fedhas
Lair:2:   portal_ice_cave_entry_ice_beasts, minmay_holes, st_stairs_8
Lair:3:   eino_house_with_fridge, uniq_gastronok
Lair:4:   minmay_swamp_entry_worms, grunt_megastairs_2, uniq_sonja
Lair:5:   nicolae_spider_entry_tight_spaces, beast_lair_carwin_2,
          serial_bayou_shore_b
Lair:6:   minmay_slime_entry_oklob_open, bh_autumn_forest_stairs
Lair:7:   serial_bayou_shore_a
Lair:8:   guppyfry_lair_end_dragon, nicolae_lair_grove_arrangements
Swamp:1:  evilmike_swamp_ruin_house_4, infiniplex_staircase_pool, uniq_aizul
Orc:1:    nicolae_orc_accident_3, david_defended_altar_orc
Orc:2:    nicolae_orc_pool_cavern, nicolae_orc_lava_room, uniq_rupert
Orc:3:    serial_shops, shop, led_sif_book
Orc:4:    st_orc_congregation, serial_shops, shop
Ossuary:  ossuary_tomb_3

Action                   |  1- 3 |  4- 6 |  7- 9 | 10-12 | 13-15 || total
-------------------------+-------+-------+-------+-------+-------++-------
Melee: Unarmed           |     5 |     4 |   203 |    82 |   239 ||   533
 Cast: Flame Tongue      |    67 |    63 |   168 |   240 |   677 ||  1215
       Throw Flame       |    14 |    25 |   139 |   217 |   511 ||   906
       Conjure Flame     |       |     7 |    33 |    87 |   294 ||   421
       Sticky Flame      |       |       |    10 |    86 |   271 ||   367
       Stone Arrow       |       |       |       |    15 |   246 ||   261
       Fireball          |       |       |       |     7 |    63 ||    70
       Bolt of Fire      |       |       |       |       |    66 ||    66
       Blink             |       |       |       |       |    16 ||    16
       Stoneskin         |       |       |       |       |     5 ||     5
       Sublimation of Bl |       |       |       |       |     2 ||     2
       Repel Missiles    |       |       |       |       |     1 ||     1
       Regeneration      |       |       |       |       |     1 ||     1
Evoke: Wand              |       |       |     8 |     1 |     2 ||    11
  Use: Scroll            |     4 |     5 |    10 |     9 |     7 ||    35
       Potion            |       |       |     2 |     2 |    10 ||    14
 Stab: Sleeping          |       |       |     5 |       |     8 ||    13
  Eat: Chunk             |    12 |     5 |    18 |    23 |    91 ||   149

Table legend:
 A = Turns spent in this place as a percentage of turns spent in the entire game.
 B = Non-inter-level travel turns spent in this place as a percentage of non-inter-level travel turns spent in the entire game.
 C = Inter-level travel turns spent in this place as a percentage of turns spent in this place.
 D = Turns resting spent in this place as a percentage of non-inter-level travel turns spent in this place.
 E = Turns spent auto-exploring this place as a percentage of non-inter-level travel turns spent in this place.
 F = Non-inter-level travel turns spent in this place divided by the number of levels of this place that you've seen.
                   A       B       C       D       E      F
               +-------+-------+-------+-------+-------+----------------------
         Total | 100.0 | 100.0 |   0.4 |   6.2 |   4.4 | 536.9
       Dungeon |  46.1 |  46.1 |   0.4 |   5.9 |   5.7 | 478.9
          Lair |  33.5 |  33.5 |   0.4 |   7.8 |   4.0 | 651.4
         Swamp |   2.0 |   2.0 |   0.0 |   8.4 |   3.6 | 308.0
  Orcish Mines |  16.5 |  16.5 |   0.4 |   3.3 |   2.4 | 643.0
       Ossuary |   1.9 |   1.9 |   0.0 |   6.8 |   0.0 | 295.0
               +-------+-------+-------+-------+-------+----------------------

Vault maps used:
D:1:      dpeg_arrival_another_circle
D:2:      lemuel_upstairs_altar, first_bread, grunt_dithmenos_smoke_and_mirrors,
          uniq_robin
D:3:      nicolae_qazlal_eye_of_the_storm, uniq_grinder, uniq_terence
D:4:      lightli_temple_of_fire
D:5:      kennysheep_kobold_camp, elyvilon_altar_4,
          nicolae_overflow_hidden_temple, minmay_temple_entry_overgrown,
          enter_ossuary_3
D:7:      grunt_livestock
D:8:      kennysheep_little_box, grunt_gozag_breadcrumbs, lair_0_dummy,
          basic_altar, minmay_misc_feat_four_crosses, minivault_5,
          kb_lookout_dungeons_type, serial_bayou_pond_d, st_stairs_14
D:9:      nicolae_ru_path_of_blood
D:10:     nemelex_diamond_rough_becter
D:11:     hiddenorc1_lemuel, uniq_fannar
D:12:     minmay_pinched_square
D:13:     serial_ice, serial_ice_j, serial_ice_c, serial_ice_a, serial_ice_f,
          serial_ice_d, serial_shops, kennysheep_mini_moat, uniq_erolcha,
          uniq_maurice, uniq_nessos
D:14:     david_vaults_5, serial_shops, shop_fountains,
          hangedman_decor_peaks_small, hangedman_decor_riveting, uniq_agnes
D:15:     hangedman_depths_entry_try_elsewhere_first, roderic_serpentine_path,
          grunt_ministairs_3, lemuel_jelly_drop, uniq_josephine, uniq_louise,
          uniq_kirke
Lair:1:   minmay_hedge_maze, st_stairs_7, cheibrodos_lair_caveside_slide,
          wad_woods_road_06, tgw_fedhas
Lair:2:   portal_ice_cave_entry_ice_beasts, minmay_holes, st_stairs_8
Lair:3:   eino_house_with_fridge, uniq_gastronok
Lair:4:   minmay_swamp_entry_worms, grunt_megastairs_2, uniq_sonja
Lair:5:   nicolae_spider_entry_tight_spaces, beast_lair_carwin_2,
          serial_bayou_shore_b
Lair:6:   minmay_slime_entry_oklob_open, bh_autumn_forest_stairs
Lair:7:   serial_bayou_shore_a
Lair:8:   guppyfry_lair_end_dragon, nicolae_lair_grove_arrangements
Swamp:1:  evilmike_swamp_ruin_house_4, infiniplex_staircase_pool, uniq_aizul
Orc:1:    nicolae_orc_accident_3, david_defended_altar_orc
Orc:2:    nicolae_orc_pool_cavern, nicolae_orc_lava_room, uniq_rupert
Orc:3:    serial_shops, shop, led_sif_book
Orc:4:    st_orc_congregation, serial_shops, shop
Ossuary:  ossuary_tomb_3
